 Dungeon Crawl Stone Soup version 0.22-a0-803-gd6d8abe (webtiles) character file.

2460 iamserjio the Destroyer (level 9, -3/51 HPs)
             Began as a Tengu Fire Elementalist on July 22, 2018.
             Was an Initiate of Vehumet.
             Slain by a hornet (17 damage)
             ... on level 8 of the Dungeon.
             The game lasted 00:35:33 (3547 turns).

iamserjio the Destroyer (Tengu Fire Elementalist)   Turns: 3547, Time: 00:35:34

Health: -3/51      AC:  2    Str:  8    XL:     9   Next: 50%
Magic:  13/26      EV: 14    Int: 25    God:    Vehumet [......]
Gold:   400        SH:  4    Dex: 14    Spells: 4/18 levels left

rFire    . . .     SeeInvis .   G - +4 short sword (protect)
rCold    . . .     Gourm    .   x - +0 buckler
rNeg     . . .     Faith    .   a - +0 robe
rPois    .         Spirit   .   (helmet restricted)
rElec    .         Reflect  .   (no cloak)
rCorr    .         Harm     .   (no gloves)
MR       .....                  (boots unavailable)
Stlth    ++........             (no amulet)
HPRegen  0.17/turn              k - +5 ring of intelligence
MPRegen  0.20/turn              w - ring of magical power

@: lethally poisoned (-3 -> -11), slowed, very slow
A: beak, talons 3, able to fly 1
a: Fly, Renounce Religion


You were on level 8 of the Dungeon.
You worshipped Vehumet.
Vehumet was noncommittal.
You were very hungry.

You visited 2 branches of the dungeon, and saw 9 of its levels.

You collected 400 gold pieces.

Inventory:

Hand Weapons
 p - a +0 hunting sling
 y - a +2 trident of distortion
 z - a cursed -2 great sword
 G - a +4 short sword of protection (weapon)
 N - a +2 flail of holy wrath
Missiles
 f - 99 stones (quivered)
 h - 2 throwing nets {!f}
 O - 24 sling bullets
Armour
 a - a +0 robe (worn)
 v - a +0 leather armour
 x - a +0 buckler (worn)
Jewellery
 k - a +5 ring of intelligence (left hand)
 w - a ring of magical power (right hand)
 L - an uncursed ring of wizardry
Wands
 I - a wand of flame (13)
Scrolls
 d - a scroll of blinking {unknown}
 e - a scroll of fog
 g - a scroll of fear
 m - 3 scrolls of remove curse {@r2}
 r - 2 scrolls of immolation
 A - 3 scrolls of teleportation
 C - a scroll of enchant armour
Potions
 b - 2 potions of brilliance
 i - a potion of cancellation {unknown}
 j - a potion of magic {unknown}
 n - a potion of mutation {unknown}
 q - a potion of might {unknown}
 s - a potion of curing {@q1}
 D - a potion of ambrosia {unknown}
 E - 2 potions of lignification
 H - 2 potions of flight {unknown}
 M - 2 potions of haste {unknown}
Comestibles
 c - 6 rations


   Skills:
 * Level 3.4 Fighting
 + Level 4.8 Dodging
 - Level 2.0 Stealth
 * Level 0.7 Shields
 + Level 5.1 Spellcasting
 + Level 9.2 Conjurations
 + Level 8.4 Fire Magic


You had 4 spell levels left.
You knew the following spells:

 Your Spells              Type           Power        Failure   Level  Hunger
a - Flame Tongue          Conj/Fire      #####        1%          1    None
b - Sticky Flame          Conj/Fire      ######..     3%          4    ####...
c - Fireball              Conj/Fire      ######....   9%          5    #####..
d - Conjure Flame         Conj/Fire      ######..     1%          3    ##.....
e - Sandblast             Erth           #.....       12%         1    None

Your spell library contained the following spells:

 Spells                   Type           Power        Failure   Level  Hunger
 Throw Flame              Conj/Fire      ######       1%          2    None
 Stone Arrow              Conj/Erth      ####..       5%          3    ##.....
 Passwall                 Tmut/Erth      #.......     19%         2    None
 Lee's Rapid Deconstruct  Erth           #.........   98%         5    #####..
 Petrify                  Tmut/Erth      #.......     77%         4    ####...
 Inner Flame              Hex/Fire       ####....     7%          3    ##.....


Dungeon Overview and Level Annotations

Branches:
Dungeon (8/15)             Temple (1/1) D:7
   Lair: D:8-11

Altars:
Dithmenos
Elyvilon
Gozag
Hepliaklqana
Kikubaaqudgha
Nemelex Xobeh
Qazlal
Ru
Sif Muna
Trog
Vehumet
Wu Jian
Xom
Yredelemnul
Zin
The Shining One


Innate Abilities, Weirdness & Mutations

You have a beak for a mouth.
You have claws for feet.
You can fly.


Message History

Aim: a hornet The sticky flame hits the hornet.
The hornet is lightly wounded.
The hornet is covered in liquid flames!
The hornet burns!
The hornet stings you!
You are poisoned.
You feel yourself slow down.
Casting: Sticky Flame (safe; 3% risk of failure)
Confirm with . or Enter, or press ? or * to list all spells.
Aiming: Sticky Flame (safe; 3% risk of failure)
Press: ? - help, Shift-Dir - straight line, f/p - hornet
Aim: a hornet (moderately wounded, covered in liquid flames)
The sticky flame hits the hornet.
The hornet is severely wounded.
The hornet is covered in liquid flames!
You feel sick.
The hornet burns!
The hornet stings you!
* * * LOW HITPOINT WARNING * * *
You feel as though you will be slow longer.
The hornet stings you!
You die...

..#.#
#...# #..#
#..# #..#
##..######
#5........
#y########
#@# #.#
#.# #.#
#.# #.#
#.# #..


You could see a hornet (burning) and a crimson imp.

Vanquished Creatures
  A dream sheep (D:5)
  A sky beast (D:7)
  A phantom (D:6)
  2 ice beasts
  A black bear (D:6)
  2 necrophages
  2 centaurs
  3 bullfrogs (D:7)
  2 scorpions
  12 wights
  3 crimson imps
  2 jellies (D:5)
  3 orc priests
  A bullfrog skeleton (D:6)
  A centaur skeleton (D:4)
  3 hounds
  3 iguanas
  3 orc wizards
  2 worker ants
  A hound skeleton (D:4)
  Robin (D:2)
  6 gnolls
  3 adders
  6 worms
  2 dart slugs
  A leopard gecko (D:6)
  14 orcs
  A ball python (D:6)
  5 bats
  2 giant cockroaches
  19 goblins
  8 hobgoblins
  12 jackals
  3 quokkas
  4 frilled lizards
  6 kobolds
  A quokka zombie (D:6)
  9 rats
152 creatures vanquished.

Vanquished Creatures (others)
  4 dream sheep (D:5)
  An ice beast (D:5)
5 creatures vanquished.

Grand Total: 157 creatures vanquished

Notes
Turn   | Place    | Note
-------+----------+-------------------------------------------
     0 | D:1      | iamserjio the Tengu Fire Elementalist began the quest for the Orb.
     0 | D:1      | Reached XP level 1. HP: 10/10 MP: 4/4
   122 | D:1      | Reached skill level 2 in Conjurations
   145 | D:1      | Reached XP level 2. HP: 15/15 MP: 1/6
   298 | D:2      | Noticed Robin
   387 | D:1      | Reached XP level 3. HP: 18/19 MP: 1/7
   474 | D:2      | Killed Robin
   474 | D:2      | Reached skill level 3 in Conjurations
   526 | D:2      | Reached XP level 4. HP: 7/24 MP: 1/8
   551 | D:2      | Learned a level 4 spell: Sticky Flame
   885 | D:3      | Reached skill level 4 in Conjurations
   885 | D:3      | Gained mutation: You can fly. [Tengu growth]
   885 | D:3      | Reached XP level 5. HP: 13/28 MP: 0/9
   976 | D:3      | Reached skill level 5 in Fire Magic
  1162 | D:3      | Found an ancient bone altar of Kikubaaqudgha.
  1341 | D:3      | Reached XP level 6. HP: 29/33 MP: 11/11
  1421 | D:4      | Reached skill level 1 in Fighting
  1467 | D:4      | Found a hazy altar of Hepliaklqana.
  1545 | D:4      | Reached skill level 5 in Conjurations
  1555 | D:4      | Found an opulent altar of Gozag.
  1712 | D:4      | Noticed a moth of wrath
  1715 | D:4      | Found a bloodstained altar of Trog.
  1930 | D:5      | Entered Level 5 of the Dungeon
  1942 | D:5      | Noticed a dream sheep
  1942 | D:5      | Noticed a dream sheep
  1942 | D:5      | Noticed a dream sheep
  1942 | D:5      | Noticed a dream sheep
  1942 | D:5      | Noticed a dream sheep
  1942 | D:5      | Found a shimmering altar of Xom.
  1946 | D:5      | Killed a dream sheep
  1946 | D:5      | Killed a dream sheep
  1946 | D:5      | Killed a dream sheep
  1946 | D:5      | Reached XP level 7. HP: 40/40 MP: 13/13
  1947 | D:5      | Killed a dream sheep
  1948 | D:5      | Killed a dream sheep
  1992 | D:5      | Learned a level 5 spell: Fireball
  1996 | D:5      | Learned a level 3 spell: Conjure Flame
  2040 | D:5      | Reached skill level 6 in Conjurations
  2341 | D:5      | Reached XP level 8. HP: 14/44 MP: 15/15
  2394 | D:6      | Reached skill level 7 in Conjurations
  2568 | D:6      | Found a stormy altar of Qazlal.
  2614 | D:6      | Reached skill level 8 in Conjurations
  2865 | D:6      | Reached XP level 9. HP: 29/50 MP: 0/17
  2914 | D:7      | Reached skill level 5 in Spellcasting
  2929 | D:7      | Found a sacrificial altar of Ru.
  3098 | D:7      | Reached skill level 9 in Conjurations
  3104 | D:7      | Found a staircase to the Ecumenical Temple.
  3117 | Temple   | Entered the Ecumenical Temple
  3166 | Temple   | Became a worshipper of Vehumet
  3395 | D:7      | Learned a level 1 spell: Sandblast
  3539 | D:8      | Noticed a hornet
  3547 | D:8      | Slain by a hornet

Vault maps used:
D:1:      giann_wishing_wells, kennysheep_boxes
D:2:      uniq_robin
D:3:      kiku_gazebo_garden_becter, first_ration, feat_on_display
D:4:      tgw_trog, lemuel_crystal_altar, marbit_many_paths,
          minmay_misc_feat_nine_boxes, minmay_fountain_box
D:5:      kb_xom_exploding_sheep
D:6:      lemuel_round_altar
D:7:      nicolae_ru_great_annihilating_truth, minmay_temple_entry_mist,
          minmay_holes
D:8:      makhleb_grotto_becter, slow_altar_1, dpeg_lair_monsters, serial_shops,
          shop, enter_bailey_3, uniq_grum
Temple:   jpeg_temple_clearing

Skill      XL: |  1  2  3  4  5  6  7  8  9 |
---------------+----------------------------+-----
Conjurations   | 2 3 4 5 6 8 9 |  9.2
Fire Magic     | 4 5 6 7 8 |  8.4
Spellcasting   | 3 4 5 |  5.1
Fighting       | 2 3 |  3.4
Dodging        | 3 4 |  4.8
Stealth        | |  2.0
Shields        | |  0.7

Action                   |  1- 3 |  4- 6 |  7- 9 || total
-------------------------+-------+-------+-------++-------
Melee: Dagger            |     6 |       |       ||     6
       Peck              |     3 |     5 |    13 ||    21
       Kick              |     5 |     9 |    18 ||    32
       Unarmed           |     1 |       |       ||     1
       Spear             |    14 |    42 |     6 ||    62
       Short sword       |       |       |    84 ||    84
 Fire: Hunting sling     |       |       |     2 ||     2
Throw: Stone             |       |     1 |       ||     1
 Cast: Flame Tongue      |    40 |    79 |    82 ||   201
       Sticky Flame      |       |     7 |    16 ||    23
       Fireball          |       |       |     6 ||     6
       Conjure Flame     |       |       |     4 ||     4
       Sandblast         |       |       |     3 ||     3
Evoke: Wand              |       |       |    15 ||    15
  Use: Scroll            |       |     7 |     5 ||    12
       Potion            |       |       |     3 ||     3
 Stab: Invisible         |       |       |     1 ||     1
  Eat: Chunk             |       |     5 |     6 ||    11
       Ration            |       |       |     1 ||     1
Armor: Robe              |     6 |    10 |    21 ||    37
Dodge: Dodged            |    25 |    40 |    59 ||   124
Block: Buckler           |       |       |     3 ||     3

Table legend:
 A = Spawn XP
 B = Non-spawn XP
 C = Spawn XP percentage of total XP
 D = Spawn monster count
 E = Non-spawn monster count
 F = Spawn count percentage of total count
 G = Total turns spent on level
                    A         B        C        D         E        F      G
               +---------+---------+-------+---------+---------+-------+---------
         Total |       0 |    3515 |   0.0 |       0 |     152 |   0.0 |  3547
               +---------+---------+-------+---------+---------+-------+---------
           D:1 |       0 |      31 |   0.0 |       0 |      18 |   0.0 |   415
           D:2 |       0 |      73 |   0.0 |       0 |      25 |   0.0 |   388
           D:3 |       0 |     215 |   0.0 |       0 |      32 |   0.0 |   561
           D:4 |       0 |     236 |   0.0 |       0 |      14 |   0.0 |   566
           D:5 |       0 |     676 |   0.0 |       0 |      13 |   0.0 |   448
           D:6 |       0 |    1234 |   0.0 |       0 |      28 |   0.0 |   502
           D:7 |       0 |    1050 |   0.0 |       0 |      22 |   0.0 |   588
               +---------+---------+-------+---------+---------+-------+---------
